 Dungeon Crawl Stone Soup version 0.31.0-11-ge490571c62 (webtiles) character file.

Game seed: 11412414119212010058

24538 Marvel the Basher (level 12, -6/122 HPs)
             Began as a Troll Berserker on Feb 9, 2024.
             Was a High Priest of Trog.
             Shot with an arrow by a centaur warrior (16 damage)
             ... on level 14 of the Dungeon.
             The game lasted 00:31:37 (13013 turns).

Marvel the Basher (Troll Berserker)                Turns: 13013, Time: 00:31:38

Health: -6/122     AC:  7    Str: 31    XL:     12   Next: 81%
Magic:  11/11      EV: 10    Int:  7    God:    Trog [*****.]
Gold:   564        SH: 10    Dex:  8    Spells: 11/11 levels left

rFire   . . .        i - +3 flail (drain)
rCold   . . .        E - +2 kite shield {reflect}
rNeg    + . .        P - +0 troll leather armour
rPois   .            (helmet restricted)
rElec   .            w - +1 cloak {Will+}
rCorr   .            (gloves unavailable)
SInv    .            (boots unavailable)
Will    +....        D - amulet of faith
Stlth   +            k - ring of positive energy
HPRegen 2.00/turn    (no ring)
MPRegen 0.12/turn

%: reflection, faith
@: on berserk cooldown, slowed, unable to drink, very slow
A: large, unfitting armour, claws 3, regeneration 1, shaggy fur 1, tough skin 1,
clever 1, inability to drink after injury 1
a: Renounce Religion, Berserk, Trog's Hand, Brothers in Arms


You were on level 14 of the Dungeon.
You worshipped Trog.
Trog was extremely pleased with you.
You visited 1 branch of the dungeon, and saw 14 of its levels.

You collected 839 gold pieces.
You spent 275 gold pieces at shops.

Inventory:

Hand Weapons
 a - a +0 mace
 g - a +3 flail of flaming
 i - a +3 flail of draining (weapon)
 R - a +5 antimagic great mace
Missiles
 o - 5 datura-tipped darts
 r - 5 boomerangs
 t - 5 curare-tipped darts
 G - 8 poisoned darts (quivered)
Armour
 b - a +1 animal skin
 w - a +1 cloak of willpower (worn)
 C - +0 acid dragon scales
 E - a +2 kite shield of reflection (worn)
 P - a +0 troll leather armour (worn)
Jewellery
 k - a ring of positive energy (left claw)
 B - a ring of resist corrosion
 D - an amulet of faith (around neck)
 K - a ring of positive energy
 O - a ring of fire
Talismans
 v - a maw talisman
Wands
 f - a wand of flame (47)
 p - a wand of quicksilver (3)
 I - a wand of mindburst (9)
 S - a wand of charming (6)
Scrolls
 c - 6 scrolls of identify
 e - 3 scrolls of teleportation
 h - a scroll of fear
 n - 3 scrolls of fog
 q - 2 scrolls of vulnerability
 u - 2 scrolls of summoning
 y - 2 scrolls of poison
 F - 2 scrolls of immolation
 J - a scroll of blinking
Potions
 d - a potion of attraction
 j - 5 potions of curing
 l - 3 potions of lignification
 m - 2 potions of enlightenment
 s - 3 potions of heal wounds
 x - 5 potions of brilliance
 z - 2 potions of degeneration
 A - 2 potions of haste
 H - a potion of cancellation
 L - a potion of invisibility
 M - a potion of might
 N - a potion of berserk rage
 Q - a potion of magic


   Skills:
 + Level 8.3 Fighting
 * Level 13.8 Maces & Flails
 + Level 3.0 Throwing
 + Level 4.6 Armour
 + Level 8.3 Dodging
 - Level 1.3 Stealth
 + Level 5.1 Shields


You had 11 spell levels left.
You didn't know any spells.
Your spell library was empty.

Dungeon Overview and Level Annotations

Branches:
Dungeon (14/15)            Temple (0/1) D:4            Lair (0/5) D:10
    Orc (0/2) D:11
 Vaults: D:13-14

Altars:
Ashenzari
Elyvilon
Fedhas
Gozag
Kikubaaqudgha
Makhleb
Qazlal
Ru
Sif Muna
Trog
Vehumet
Xom
Jiyva

Shops:
D:2 *   D:7 *

Annotations:
D:12 3 runed translucent doors, lis82's ghost, journeyman DgIE
D:13 3 runed translucent doors, Xeymp's ghost, journeyman SpEn
D:14 Frances


Innate Abilities, Weirdness & Mutations

You are too large for most types of armour.
You have claws for hands.
Your natural rate of healing is unusually fast.
You are covered in fur. (AC +1)
You have tough skin. (AC +1)
Your mind is acute. (Int +4, Str/Dex -1)
You occasionally lose the ability to drink potions when taking damage.


Message History

The centaur warrior misses you. You block the centaur warrior's attack.
Frances hits you from afar with a +0 trident!!
* * * LOW HITPOINT WARNING * * *
You feel a strong urge to attack something.
The centaur warrior wields a +0 shortbow.
The centaur warrior shoots an arrow.
The arrow hits you.
* * * LOW HITPOINT WARNING * * *
The centaur warrior shoots an arrow.
You block the arrow with your +2 kite shield of reflection... and reflect it back!
The arrow barely misses the centaur warrior.
You feel your anger nearly subside.
You are no longer berserk.
You are exhausted.
You feel yourself slow down.
The centaur warrior shoots an arrow.
The arrow barely misses you.
As you read the scroll of fog, it dissolves into smoke.
You can drink potions again.
As you read the scroll of teleportation, it crumbles to dust.
You feel strangely unstable.
Frances says, "I command an army of devils.
What do you command?" Frances barely misses you.
Frances hits you from afar with a +0 trident!
* * * LOW HITPOINT WARNING * * *
A catoblepas comes into view.
The catoblepas attacks as it pursues you!
The catoblepas gores you but does no damage.
Frances attacks as she pursues you! Frances hits you but does no damage.
The catoblepas gores you!
* * * LOW HITPOINT WARNING * * *
Your surroundings suddenly seem different.
The sentinel's mark upon you fades away.
The centaur warrior shoots an arrow.
The arrow hits you.
* * * LOW HITPOINT WARNING * * *
You feel threatened and lose the ability to drink potions!
The centaur warrior shoots an arrow.
You block the arrow with your +2 kite shield of reflection... and reflect it back!
The arrow hits the centaur warrior.
The centaur warrior shoots an arrow.
The arrow hits you!
* * * LOW HITPOINT WARNING * * *
The centaur warrior shoots an arrow.
The arrow hits you!
You die...

#..#.. # .......
#. ##.# .......
..##..# ##
....#.. #
.....######..
....#..
#.##..........c#
.. ##..
.....#.........
. ...
#......>...#
##.. #.......#
#.>@....#
##......#
#......#
#......#
#......#
########


You could see a centaur warrior (drained).

Vanquished Creatures
  A hydra (D:13)
  3 centaur warriors
  A boulder beetle (D:14)
  5 two-headed ogres
  A deep elf pyromancer (D:12)
  4 ugly things
  3 cyclopes
  Maurice (D:7)
  A cane toad (shapeshifter) (D:13)
  Maggie (D:8)
  3 unseen horrors
  A gargoyle (D:12)
  A komodo dragon (D:13)
  3 kobold demonologists
  8 trolls
  Grinder (D:6)
  2 hornets
  3 slime creatures (D:12)
  2 shadows
  2 wraiths
  A shapeshifter (D:13)
  A centaur simulacrum (D:14)
  22 yaks
  3 wyverns
  2 basilisks
  The ghost of koorschki the Chiller, an amateur DsIE (D:4)
  A steam dragon (D:8)
  2 water moccasins
  An acid dragon (D:11)
  An orc warrior (D:10)
  2 ice beasts (D:5)
  A black bear (D:5)
  An ogre (D:5)
  9 centaurs
  7 kobold brigands
  4 bullfrogs
  A gnoll sergeant (D:12)
  2 scorpions
  A water moccasin zombie (D:4)
  3 wights (D:7)
  6 killer bees (D:8)
  7 howler monkeys
  5 hounds
  2 gnoll boudas (D:6)
  4 jellies
  A centaur zombie (D:4)
  7 orc priests
  A centaur skeleton (D:4)
  Terence (D:2)
  An iguana (D:6)
  4 orc wizards
  11 adders
  13 gnolls
  A howler monkey skeleton (D:4)
  A shadow imp (D:6)
  3 white imps
  3 ufetubi
  2 dart slugs
  A ribbon worm (D:3)
  24 orcs
  14 endoplasms
  5 giant cockroaches
  9 goblins
  8 hobgoblins
  3 quokkas
  4 ball pythons
  3 bats
  2 frilled lizards
  32 kobolds
  14 rats
305 creatures vanquished.

Vanquished Creatures (collateral kills)
  Sonja (D:13)
1 creature vanquished.

Grand Total: 306 creatures vanquished

Notes
Turn   | Place    | Note
-------+----------+-------------------------------------------
     0 | D:1      | Marvel the Troll Berserker began the quest for the Orb.
     0 | D:1      | Reached XP level 1. HP: 22/22 MP: 0/0
   178 | D:1      | Reached XP level 2. HP: 29/29 MP: 1/1
   182 | D:1      | Reached skill level 3 in Maces & Flails
   506 | D:1      | Reached ** piety under Trog
   774 | D:1      | Reached XP level 3. HP: 36/36 MP: 2/2
   996 | D:2      | Found a shimmering altar of Xom.
  1231 | D:2      | Found Pinixeis's Assorted Antiques.
  1369 | D:2      | Identified the staff of Uncertain Death {rElec rC+ Conj
                  | Air}
  1491 | D:2      | Noticed Terence
  1522 | D:2      | Killed Terence
  1523 | D:2      | Reached XP level 4. HP: 34/44 MP: 3/3
  1834 | D:3      | Reached skill level 4 in Maces & Flails
  1909 | D:3      | Reached *** piety under Trog
  1910 | D:3      | Reached XP level 5. HP: 28/48 MP: 4/4
  1982 | D:3      | Found a white marble altar of Elyvilon.
  1991 | D:3      | Found an opulent altar of Gozag.
  2018 | D:3      | Found a stormy altar of Qazlal.
  2019 | D:3      | Noticed a fire elemental
  2021 | D:3      | Noticed an air elemental
  2021 | D:3      | Noticed a water elemental
  2195 | D:3      | Found a burning altar of Makhleb.
  2368 | D:3      | Found a sacrificial altar of Ru.
  2798 | D:4      | Found a transporter.
  2802 | D:4      | Noticed koorschki's ghost (amateur DsIE)
  2805 | D:4      | Found a transporter.
  2957 | D:4      | Found a staircase to the Ecumenical Temple.
  2960 | D:4      | Reached XP level 6. HP: 58/62 MP: 5/5
  3213 | D:4      | Found a shimmering blue altar of Sif Muna.
  3316 | D:5      | Entered Level 5 of the Dungeon
  3329 | D:5      | Reached skill level 5 in Maces & Flails
  3343 | D:5      | Reached **** piety under Trog
  3362 | D:5      | Reached XP level 7. HP: 34/70 MP: 6/6
  3728 | D:5      | Reached skill level 6 in Maces & Flails
  3866 | D:5      | Identified the flux talisman of Hedonism {rC+ Will+}
  4591 | D:6      | Reached XP level 8. HP: 79/79 MP: 7/7
  4599 | D:6      | Noticed Grinder
  4610 | D:6      | Killed Grinder
  4679 | D:6      | Reached skill level 7 in Maces & Flails
  4896 | D:6      | Reached skill level 5 in Dodging
  4986 | D:6      | Found a blossoming altar of Fedhas.
  5901 | D:7      | Reached skill level 5 in Fighting
  6009 | D:7      | Reached skill level 8 in Maces & Flails
  6009 | D:7      | Reached skill level 1 in Stealth
  6009 | D:7      | Reached XP level 9. HP: 61/88 MP: 8/8
  6279 | D:7      | Noticed Maurice
  6285 | D:7      | Something stole a maw talisman
  6286 | D:7      | Something stole 5 boomerangs
  6289 | D:7      | Something stole a +0 mace
  6337 | D:7      | Something stole a ring of positive energy
  6349 | D:7      | Something stole 51 gold
  6350 | D:7      | Something stole 121 gold
  6351 | D:7      | Something stole 141 gold
  6440 | D:7      | Killed Maurice
  6643 | D:7      | Found a bloodstained altar of Trog.
  6698 | D:7      | Found Datethri's Gadget Gallery.
  7007 | D:8      | HP: 4/84 [killer bee (5)]
  7209 | D:8      | Reached skill level 9 in Maces & Flails
  7218 | D:8      | Reached skill level 1 in Throwing
  7348 | D:8      | Noticed Maggie
  7370 | D:8      | Killed Maggie
  7371 | D:8      | Reached XP level 10. HP: 54/98 MP: 9/9
  7419 | D:8      | You fall into a shaft and drop 1 floor!
  7535 | D:8      | Paralysed by a hornet for 3 turns
  7691 | D:2      | Bought a blackened fluorescent amulet for 95 gold pieces
  7697 | D:2      | Bought a scroll labelled QAYMAQ EGHASM for 19 gold pieces
  7697 | D:2      | Bought a glowing kite shield for 142 gold pieces
  7697 | D:2      | Bought a scroll labelled RAGOHO BUMOTS for 19 gold pieces
  7879 | D:4      | Killed koorschki's ghost
  8446 | D:9      | Found an ancient bone altar of Kikubaaqudgha.
  8558 | D:9      | Reached skill level 1 in Armour
  8627 | D:9      | Noticed a two-headed ogre
  8640 | D:9      | Killed a two-headed ogre
  8641 | D:9      | Reached skill level 10 in Maces & Flails
  8641 | D:9      | Reached skill level 1 in Shields
  8716 | D:9      | Noticed a two-headed ogre
  8723 | D:9      | Paralysed by a hornet for 1 turns
  8734 | D:9      | Killed a two-headed ogre
  9094 | D:9      | Found a broken altar of Ashenzari.
  9472 | D:10     | Entered Level 10 of the Dungeon
  9495 | D:10     | Reached skill level 11 in Maces & Flails
  9502 | D:10     | Reached ***** piety under Trog
  9507 | D:10     | Reached XP level 11. HP: 68/107 MP: 10/10
  9557 | D:10     | Found a staircase to the Lair.
  9572 | D:10     | Found a radiant altar of Vehumet.
  9639 | D:10     | Noticed a two-headed ogre
  9649 | D:10     | Killed a two-headed ogre
 10109 | D:10     | Noticed a two-headed ogre
 10128 | D:10     | Killed a two-headed ogre
 10298 | D:10     | Reached skill level 12 in Maces & Flails
 10445 | D:11     | Noticed a sixfirhy
 10520 | D:11     | Noticed a soul eater
 10704 | D:11     | Received a gift from Trog
 10954 | D:11     | Found a staircase to the Orcish Mines.
 11049 | D:12     | Noticed a phantasmal warrior
 11050 | D:12     | Found a runed translucent gate.
 11050 | D:12     | Found a runed translucent gate.
 11148 | D:12     | Found a runed translucent gate.
 11263 | D:12     | Noticed lis82's ghost (journeyman DgIE)
 11263 | D:12     | Noticed a flayed ghost
 11263 | D:12     | Noticed a phantasmal warrior
 11392 | D:12     | Reached XP level 12. HP: 83/119 MP: 11/11
 11804 | D:13     | Noticed Sonja
 11835 | D:13     | Killed Sonja
 11983 | D:13     | Noticed a six-headed hydra
 11995 | D:13     | Killed a six-headed hydra
 11996 | D:13     | Reached skill level 13 in Maces & Flails
 12154 | D:13     | Identified the +6 orcbow of the Hurting Priest {antimagic,
                  | ^Contam Fly Stlth+}
 12234 | D:13     | Found a runed translucent gate.
 12234 | D:13     | Noticed an acid blob
 12235 | D:13     | Found a runed translucent gate.
 12235 | D:13     | Found a runed translucent gate.
 12235 | D:13     | Noticed an azure jelly
 12235 | D:13     | Noticed an acid blob
 12235 | D:13     | Noticed an acid blob
 12235 | D:13     | Noticed an acid blob
 12235 | D:13     | Noticed an azure jelly
 12349 | D:13     | Noticed a centaur warrior
 12352 | D:13     | Killed a centaur warrior
 12698 | D:13     | Noticed an azure jelly
 12699 | D:13     | Noticed an azure jelly
 12699 | D:13     | Noticed an acid blob
 12700 | D:13     | Noticed an acid blob
 12700 | D:13     | Noticed a rockslime
 12702 | D:13     | Found a viscous altar of Jiyva.
 12702 | D:13     | Noticed Xeymp's ghost (journeyman SpEn)
 12712 | D:14     | Noticed a centaur warrior
 12712 | D:14     | Noticed a boulder beetle
 12720 | D:14     | Killed a centaur warrior
 12743 | D:14     | Killed a boulder beetle
 12869 | D:14     | Noticed a two-headed ogre
 12877 | D:14     | Killed a two-headed ogre
 12878 | D:14     | Reached skill level 5 in Shields
 12933 | D:14     | Noticed a centaur warrior
 12943 | D:14     | Killed a centaur warrior
 12963 | D:14     | Gained mutation: You occasionally lose the ability to drink
                  | potions when taking damage. [potion of mutation]
 12963 | D:14     | Gained mutation: Your mind is acute. (Int +4, Str/Dex -1)
                  | [potion of mutation]
 12983 | D:14     | Noticed a vault guard
 12988 | D:14     | Noticed a centaur warrior
 12989 | D:14     | Noticed Frances
 12997 | D:14     | Noticed a vault guard
 13006 | D:14     | Noticed a catoblepas
 13013 | D:14     | Shot with an arrow by a centaur warrior

Illustrated notes

Levels and vault maps discovered:
D:1:      matt_arrival_spirals, layout_loops_ring, minmay_rat_gold_closets
D:2:      layout_basic, serial_shops, shop, basic_altar, grunt_decor_junction,
          uniq_terence
D:3:      layout_loops_ring, mainiacjoe_overflow_swirl,
          nicolae_qazlal_style_of_elements, mainiacjoe_overflow_alcove_4,
          bloody_makhleb
D:4:      layout_layer_cave, led_sif_book, minmay_temple_entry_mini_moons,
          gammafunk_ghost_mausoleum
D:5:      layout_loops_cross, serial_co_window_serial, co_window_paths_a,
          co_window_corner_a, co_window_corner_a, co_window_corner_a,
          co_window_paths_a, co_window_broadway_b, co_window_corner_b,
          co_window_cross_2, co_window_2corner
D:6:      minmay_inner_zag, layout_layer_cave, old_standard_altar,
          hangedman_decor_points, uniq_grinder
D:7:      layout_basic, trog_book, st_stairs_7, nicolae_shop_gadgets,
          uniq_maurice
D:8:      layout_loops_corners, serial_demonic, serial_demonic_e,
          serial_demonic_e, serial_demonic_b, serial_demonic_f, uniq_maggie
D:9:      layout_stronghold, kiku_gazebo_pond_becter, nicolae_ashenzari_skybound
D:10:     layout_roguey, vehumet_altar_wand_db, minmay_lair_entry_grove,
          kennysheep_decorative_pillar
D:11:     layout_cave_pools, orc_0_dummy, st_stairs_13,
          chequers_hall_statues_wall_a
D:12:     layout_roguey, gammafunk_ghost_spectres, chequers_arboretum
D:13:     layout_basic, gammafunk_ghost_ooze, uniq_sonja
D:14:     layout_rooms, grunt_vaults_entry_fortified,
          nicolae_kite_square_tiling_tiny, uniq_frances

Skill      XL: |  1  2  3  4  5  6  7  8  9 10 11 12 |
---------------+-------------------------------------+-----
Maces & Flails | 3 4 5 6 8 9 11 12 13 | 13.8
Dodging        | 3 4 5 6 7 8 |  8.3
Fighting       | 3 4 5 6 7 8 |  8.3
Stealth        | 1 |  1.3
Throwing       | 1 2 3 |  3.0
Armour         | 2 3 4 |  4.6
Shields        | 2 3 5 |  5.1

Action                     |  1- 3 |  4- 6 |  7- 9 | 10-12 || total
---------------------------+-------+-------+-------+-------++-------
  Melee: Mace              |   166 |       |       |       ||   166
         Punch             |     1 |       |     3 |       ||     4
         Flail             |       |   170 |   383 |   548 ||  1101
  Throw: Throwing net      |     1 |       |       |       ||     1
         Boomerang         |       |       |     5 |    22 ||    27
         Dart              |       |       |       |    21 ||    21
 Invoke: Berserk           |       |     1 |     3 |    10 ||    14
         Trog's Hand       |       |       |     1 |     1 ||     2
         Brothers in Arms  |       |       |       |     4 ||     4
  Evoke: Wand              |       |       |       |     1 ||     1
    Use: Scroll            |       |       |     9 |    22 ||    31
         Potion            |       |       |     3 |     3 ||     6
   Stab: Sleeping          |     1 |       |       |     1 ||     2
 Armour: Animal skin       |   115 |   132 |   353 |       ||   600
         Skin              |       |       |     3 |       ||     3
         Acid dragon scale |       |       |       |   219 ||   219
         Troll leather arm |       |       |       |   287 ||   287
  Dodge: Dodged            |   101 |   123 |   224 |   216 ||   664
  Block: Kite shield       |       |       |       |   249 ||   249
         Reflection        |       |       |       |    19 ||    19
